 Dungeon Crawl Stone Soup version 0.26-a0-639-g72c4674329 (webtiles) character file.

Game seed: 15837275200502329338

8782 Gottschkopf the Martial Artist (level 11, -9/133 HPs)
             Began as a Purple Draconian Transmuter on Sept 17, 2020.
             Was a Believer of Ru.
             Mangled by a shadow (29 damage)
             ... on level 11 of the Dungeon.
             The game lasted 00:42:04 (12175 turns).

Gottschkopf the Martial Artist (DrTm)              Turns: 12175, Time: 00:42:04

Health: -9/133     AC: 25    Str: 12    XL:     11   Next: 14%
Magic:  10/17      EV:  2    Int: 16    God:    Ru [**....]
Gold:   485        SH:  0    Dex: 13    Spells: 5/20 levels left

rFire    . . .     SeeInvis .     - Unarmed
rCold    . . .     Faith    .   (no shield)
rNeg     + + +     Spirit   .   (armour unavailable)
rPois    +         Reflect  .   (helmet currently unavailable)
rElec    .         Harm     .   (cloak currently unavailable)
rCorr    .         Rampage  .   (gloves currently unavailable)
MR       +....     Clarity  +   (boots currently unavailable) Stlth +.........NoTele +
                                w - amulet of regeneration
HPRegen  0.72/turn              d - ring of positive energy
MPRegen  0.15/turn              (no ring)

@: tree-form, slowed, very slow
A: (breathe power), unfitting armour, clarity, low mp 1, wild magic 1, hated by
all, AC +7
a: Sacrifice Courage, Sacrifice Words, Sacrifice Resistance, Reject Sacrifices,
Renounce Religion


You were on level 11 of the Dungeon.
You worshipped Ru.
Ru was pleased with you.
You were a tree.
You visited 2 branches of the dungeon, and saw 12 of its levels.
You visited 1 bazaar.
You also visited: Sewer.

You collected 926 gold pieces.
You spent 441 gold pieces at shops.

Inventory:

Armour
 o - a +1 pair of boots (melded)
 E - a +0 cloak (melded)
 F - a +2 hat of magic resistance (melded)
Jewellery
 d - a ring of positive energy (left branch)
 w - an amulet of regeneration (around neck)
 H - an uncursed ring of fire
Wands
 j - a wand of flame (11)
 v - a wand of disintegration (13)
 B - a wand of polymorph (18)
 I - a wand of digging (12)
 K - a wand of iceblast (8)
Scrolls
 a - a scroll of holy word
 c - 2 scrolls of remove curse
 f - 6 scrolls of teleportation
 i - 2 scrolls of noise
 l - 4 scrolls of amnesia {unknown}
 p - a scroll of random uselessness {unknown}
 q - a scroll of magic mapping
 r - 4 scrolls of fog
 x - a scroll of enchant weapon {unknown}
 y - a scroll of fear {unknown}
 D - 2 scrolls of immolation
 J - a scroll of acquirement {unknown}
Potions
 b - 3 potions of brilliance
 e - 2 potions of haste
 g - 4 potions of stabbing
 h - 3 potions of curing
 k - a potion of ambrosia
 n - 2 potions of lignification
 s - 6 potions of flight
 t - 3 potions of magic
 z - 2 potions of might
 A - 3 potions of berserk rage
 C - a potion of resistance
 G - a potion of heal wounds


   Skills:
 + Level 5.7 Fighting
 + Level 7.6 Dodging
 - Level 10.0 Unarmed Combat
 - Level 5.4 Spellcasting
 - Level 9.3 Transmutations
 - Level 3.4 Ice Magic
 - Level 2.0 Poison Magic


You had 5 spell levels left.
You knew the following spells:

 Your Spells              Type           Power        Failure   Level
a - Blade Hands           Tmut           #####.....   13%         5
b - Spider Form           Tmut/Pois      ####......   7%          3
c - Wereblood             Tmut           #####...     1%          2
d - Beastly Appendage     Tmut           #####.       1%          1
e - Ice Form              Ice/Tmut       ####....     16%         4

Your spell library contained the following spells:

 Spells                   Type           Power        Failure   Level
 Sting                    Tmut/Pois      ####         2%          1
 Ignite Poison            Fire/Tmut/Pois ###.....     14%         3
 Foxfire                  Conj/Fire      #...         21%         1
 Poisonous Vapours        Pois/Air       #.....       21%         2
 Mephitic Cloud           Conj/Pois/Air  #.......     41%         3
 Conjure Flame            Conj/Fire      #.......     50%         3
 Inner Flame              Hex/Fire       #.......     50%         3
 Static Discharge         Conj/Air       #.......     50%         3
 Olgreb's Toxic Radiance  Pois           ##......     63%         4
 Sticky Flame             Conj/Fire      #.......     87%         4
 Fireball                 Conj/Fire      #.........   99%         5
 Lightning Bolt           Conj/Air       #.........   99%         5
 Ignition                 Fire           #.........   100%        8
 Shatter                  Erth           #.........   100%        9
 Tornado                  Air            #.........   100%        9


Dungeon Overview and Level Annotations

Branches:
Dungeon (11/15)            Temple (1/1) D:5            Lair (0/6) D:10
    Orc (0/2) D:11          Sewer (visited)

Altars:
Ashenzari
Cheibriados
Dithmenos
Elyvilon
Gozag
Hepliaklqana
Kikubaaqudgha
Makhleb
Nemelex Xobeh
Okawaru
Qazlal
Ru
Sif Muna
Trog
Uskayaw
Vehumet
Wu Jian
Xom
Yredelemnul
Zin
The Shining One

Shops:
D:5 *(   D:7 [   D:9 *

Portals:
Abyss: D:3
Trove: D:10 (lose all piety)

Annotations:
D:3 2 transporters, Tewichka's ghost, novice HOMo
D:9 3 runed translucent doors, brk's ghost, journeyman HOFi


Innate Abilities, Weirdness & Mutations

((You can breathe bolts of dispelling energy.))
((Your rich purple scales are hard. (AC +7)))
You cannot fit into any form of body armour.
Your magical capacity is low. (-10% MP)
((You are cold-blooded and may be slowed by cold attacks.))
You are hated by all.
You possess an exceptional clarity of mind.
Your spells are a little harder to cast, but a little more powerful.


Message History

It was a potion of mutation.
You feel extremely strange.
Your thoughts seem clearer.
You feel less in control of your magic.
Your transformation is almost over.
The shadow strikes at you from the darkness!
* * * LOW HITPOINT WARNING * * *
Reactivating autopickup.
You feel better. The shadow barely misses you.
Really quaff the potion of lignification?
Your hands revert to their normal proportions.
You turn into a tree.
Your +0 cloak melds into your body.
Your +2 hat of magic resistance melds into your body.
Your +1 pair of boots melds into your body.
You feel less resistant to hostile enchantments.
Your roots penetrate the ground.
The shadow hits you.
The shadow slips into darkness.
The shadow flickers and vanishes!
Deactivating autopickup; reactivate with Ctrl-A.
You barely miss something.
The shadow strikes at you from the darkness!
You die...

.. .... .# ........(.
.......... ##....#....
# ##........ #.#.......
#.#...#{# #.....♣(# # #
###...### .#. #..(# ###
#.# #...# #.. #.#
########)).####.. #..
#.####......)[.........
##..
..)...........(........
#...
#.#..#.......>(........
#...
#.#..#####.##...##.#.##
#...


There were no monsters in sight!

Vanquished Creatures
  A two-headed ogre (D:8)
  2 cyclopes
  A gargoyle (D:11)
  A centaur skeleton (D:7)
  4 hippogriffs
  A spriggan (D:8)
  2 wyverns (D:10)
  3 wraiths
  5 yaks (D:10)
  Eustachio (D:6)
  A steam dragon (D:11)
  An ice beast (D:11)
  2 black bears
  A sky beast (D:9)
  An eye of draining (D:10)
  2 phantoms
  4 centaurs
  3 ogres
  A big kobold (Sewer)
  4 bullfrogs
  3 scorpions
  13 killer bees
  3 electric eels (D:10)
  18 wights
  A howler monkey (D:5)
  2 quasits
  5 jellies
  2 orc priests
  5 hounds
  An iguana (D:10)
  5 orc wizards
  11 worker ants
  A hound zombie (D:6)
  4 gnolls (D:10)
  A howler monkey skeleton (D:6)
  9 adders
  2 river rats
  2 shadow imps (D:6)
  An ooze (D:1)
  6 worms
  3 leopard geckos
  22 orcs
  9 ball pythons
  9 giant cockroaches
  7 goblins
  9 hobgoblins
  2 jackals (D:6)
  2 quokkas (D:8)
  7 bats
  2 frilled lizards
  14 kobolds
  A leopard gecko skeleton (D:9)
  5 rats
228 creatures vanquished.

Vanquished Creatures (others)
  6 plants (D:10)
6 creatures vanquished.

Grand Total: 234 creatures vanquished

Notes
Turn   | Place    | Note
-------+----------+-------------------------------------------
     0 | D:1      | Gottschkopf the Draconian Transmuter began the quest for
                  | the Orb.
     0 | D:1      | Reached XP level 1. HP: 16/16 MP: 3/3
   156 | D:1      | Reached XP level 2. HP: 22/23 MP: 3/5
   490 | D:1      | Reached skill level 4 in Unarmed Combat
   713 | D:2      | Reached XP level 3. HP: 20/28 MP: 4/6
   719 | D:2      | Learned a level 2 spell: Wereblood
   723 | D:2      | Learned a level 3 spell: Spider Form
   869 | D:2      | Found a sparkling altar of Nemelex Xobeh.
  1585 | D:2      | Reached skill level 1 in Poison Magic
  1585 | D:2      | Reached XP level 4. HP: 31/35 MP: 5/7
  1933 | D:3      | Found a stormy altar of Qazlal.
  2045 | D:3      | Found a one-way gate to the infinite horrors of the Abyss.
  2045 | D:3      | Noticed Tewichka's ghost (novice HOMo)
  2051 | D:3      | Found a transporter.
  2051 | D:3      | Found a transporter.
  2056 | D:3      | Noticed a toenail golem
  2057 | D:3      | Noticed a small abomination
  2147 | D:3      | Found a shadowy altar of Dithmenos.
  2719 | D:4      | Found a glowing drain.
  2739 | D:4      | HP: 1/35 [orc/+0 trident (6)]
  2746 | D:4      | Reached XP level 5. HP: 32/40 MP: 1/8
  2758 | Sewer    | Entered a sewer
  3193 | Sewer    | Reached XP level 6. HP: 47/47 MP: 5/9
  3272 | Sewer    | HP: 2/47 [poisoned by a kobold]
  3828 | D:4      | Reached skill level 5 in Unarmed Combat
  4626 | D:4      | Reached skill level 6 in Unarmed Combat
  4798 | D:5      | Entered Level 5 of the Dungeon
  4818 | D:5      | Your scales start taking on a rich purple colour.
  4818 | D:5      | Reached XP level 7. HP: 50/52 MP: 8/10
  4994 | D:5      | Found Fusoc's Weapon Shoppe.
  5165 | D:5      | Found Zet Kaora's Mass Market.
  5184 | D:5      | Found a staircase to the Ecumenical Temple.
  5237 | D:5      | Found an ornate altar of the Wu Jian Council.
  5380 | Temple   | Entered the Ecumenical Temple
  5462 | Temple   | Became a worshipper of Ru the Awakened
  5902 | D:6      | Reached skill level 7 in Unarmed Combat
  6078 | D:6      | Reached skill level 8 in Unarmed Combat
  6216 | D:6      | Noticed Eustachio
  6396 | D:6      | Found a hazy altar of Hepliaklqana.
  6518 | D:6      | Reached XP level 8. HP: 51/59 MP: 4/11
  6808 | D:6      | Reached skill level 9 in Unarmed Combat
  7227 | D:6      | Killed Eustachio
  7407 | D:7      | Gained mutation: Your magical capacity is low. (-10% MP)
                  | [Ru sacrifice]
  7430 | D:7      | Reached skill level 10 in Unarmed Combat
  7673 | D:7      | Noticed a hippogriff
  7817 | D:7      | Reached XP level 9. HP: 64/64 MP: 6/11
  8000 | D:7      | Found Neinea Wewe's Armour Emporium.
  8005 | D:7      | Bought a +2 hat of magic resistance for 294 gold pieces
  8757 | D:8      | Learned a level 5 spell: Blade Hands
  8885 | D:8      | Noticed a two-headed ogre
  8894 | D:8      | Killed a two-headed ogre
  8894 | D:8      | Reached skill level 5 in Dodging
  9494 | D:9      | Noticed a rime drake
  9501 | D:9      | Found a runed translucent gate.
  9501 | D:9      | Found a runed translucent gate.
  9501 | D:9      | Found a runed translucent gate.
  9518 | D:9      | Found a sparkling altar of Nemelex Xobeh.
  9537 | D:9      | Gained mutation: You are hated by all. [Ru sacrifice]
  9537 | D:9      | Reached * piety under Ru
  9537 | D:9      | Reached ** piety under Ru
  9564 | D:9      | Reached XP level 10. HP: 71/71 MP: 6/12
  9778 | D:9      | Found Unol's General Store.
  9785 | D:9      | Bought a potion of degeneration for 14 gold pieces
  9785 | D:9      | Bought a scroll of identify for 28 gold pieces
  9792 | D:9      | Bought a scroll of holy word for 105 gold pieces
  9873 | D:9      | Noticed a six-headed hydra
  9969 | D:9      | Noticed brk's ghost (journeyman HOFi)
  9985 | D:10     | Entered Level 10 of the Dungeon
 10274 | D:10     | Noticed a cyclops
 10285 | D:10     | Killed a cyclops
 10285 | D:10     | Reached skill level 5 in Spellcasting
 10295 | D:10     | Learned a level 4 spell: Ice Form
 10386 | D:10     | Reached skill level 1 in Ice Magic
 11392 | D:10     | Found a staircase to the Lair.
 11435 | D:10     | Found a portal to a secret trove of treasure.
 11736 | D:11     | Found a flickering gateway to a bazaar.
 11738 | D:11     | Noticed a gargoyle
 11740 | Bazaar   | Entered a bazaar
 11774 | Bazaar   | Found Womot's Book Boutique.
 11820 | Bazaar   | Found Dastraig's Antique Armour Shop.
 11837 | Bazaar   | Found Parch's Book Shop.
 11837 | Bazaar   | Found Cam Runwe's Distillery.
 11942 | D:11     | Found a staircase to the Orcish Mines.
 11942 | D:11     | Noticed a cyclops
 12138 | D:11     | Reached XP level 11. HP: 74/85 MP: 10/17
 12139 | D:11     | Reached skill level 5 in Fighting
 12172 | D:11     | Gained mutation: You possess an exceptional clarity of
                  | mind. [potion of mutation]
 12172 | D:11     | Gained mutation: Your spells are a little harder to cast,
                  | but a little more powerful. [potion of mutation]
 12175 | D:11     | Mangled by a shadow

Illustrated notes

Levels and vault maps discovered:
D:1:      evilmike_arrival_plus, layout_rooms, chequers_serial_rivers_large_a
D:2:      layout_loops_corners, nemelex_diamond_rough_becter
D:3:      layout_loops_cross, nicolae_dithmenos_shadow_blocks,
          nicolae_overflow_crystal_walls, gammafunk_ghost_abyssal_escape,
          kennysheep_generic_room_14
D:4:      layout_basic, enter_ossuary_2, portal_sewer_entry_a,
          chequers_serial_rivers_marsh
D:5:      layout_basic, lemuel_coloured_pillars_altar, temple_pool_b,
          serial_shops, shop_coins, chequers_serial_rivers_micro_d,
          interstate_on_off, minmay_shop_mass
D:6:      layout_loops_corners, overflow_temple_1_default, uniq_eustachio
D:7:      layout_basic, serial_shops, shop, minivault_5
D:8:      layout_loops_corners, the_bakery
D:9:      layout_rooms, fedhas_altar_fruit_tree, gammafunk_ghost_icy,
          serial_shops, shop, nemelex_spade_bored_becter
D:10:     layout_basic, dpeg_oklobed_lair, nicolae_trove_entry_crystal
D:11:     layout_loops_cross, orc_0_dummy, serial_shops, bzr_entry_islet,
          minmay_orc_keep, uniq_sonja
Temple:   minmay_crystal_spiral_temple

Skill      XL: |  1  2  3  4  5  6  7  8  9 10 11 |
---------------+----------------------------------+-----
Unarmed Combat | 4 6 8 10 | 10.0
Poison Magic   | 1 2 |  2.0
Transmutations | 3 4 6 9 |  9.3
Dodging        | 5 7 |  7.6
Spellcasting   | 5 |  5.4
Ice Magic      | 3 |  3.4
Fighting       | 4 5 |  5.7

Action                   |  1- 3 |  4- 6 |  7- 9 | 10-12 || total
-------------------------+-------+-------+-------+-------++-------
Melee: Unarmed           |    88 |   188 |   303 |   174 ||   753
       Kick              |    15 |    30 |    45 |       ||    90
       Headbutt          |    10 |     8 |    23 |       ||    41
       Tailslap          |     5 |     9 |    24 |    16 ||    54
       Punch             |       |     1 |    10 |     4 ||    15
 Cast: Beastly Appendage |    31 |    31 |    33 |     1 ||    96
       Wereblood         |     1 |     7 |    13 |    10 ||    31
       Spider Form       |       |    10 |    11 |       ||    21
       Blade Hands       |       |       |     5 |    28 ||    33
Invok: Sacrifice Essence |       |       |     1 |       ||     1
       Sacrifice Love    |       |       |     1 |       ||     1
 Abil: End Transformatio |       |     1 |       |       ||     1
  Use: Potion            |       |     3 |     4 |     3 ||    10
       Scroll            |       |    10 |     6 |     4 ||    20
 Stab: Sleeping          |       |       |       |     2 ||     2
       Distracted        |       |       |       |     1 ||     1
Armor: Skin              |    18 |    34 |    82 |    30 ||   164
Dodge: Dodged            |    54 |   132 |   180 |   128 ||   494

Table legend: (Time is in decaauts)
 A = Elapsed time spent in this place.
 B = Non-inter-level travel time spent in this place.
 C = Inter-level travel time spent in this place.
 D = Time resting spent in this place.
 E = Time spent auto-exploring this place.
 F = Levels seen in this place.
 G = Mean time per level.
                   A        B        C        D        E       F      G
               +--------+--------+--------+--------+--------+-----+--------+
         Total |  12154 |  11674 |    480 |    899 |   8637 |  14 |  868.1 |
       Dungeon |  10759 |  10363 |    396 |    533 |   8043 |  11 |  978.1 |
        Temple |    171 |     88 |     83 |      0 |     84 |   1 |  171.0 |
        Bazaar |    176 |    176 |      0 |      0 |    105 |   1 |  176.0 |
         Sewer |   1046 |   1046 |      0 |    366 |    404 |   1 | 1046.0 |
               +--------+--------+--------+--------+--------+-----+--------+

Top non-repeatable levels by time:
    D:10: 1864 daAuts
     D:6: 1392 daAuts
     D:8: 1341 daAuts
     D:4: 1097 daAuts
     D:2: 1083 daAuts
   Sewer: 1046 daAuts
     D:5: 992 daAuts
     D:3: 954 daAuts
     D:7: 812 daAuts
     D:1: 677 daAuts
     D:9: 409 daAuts
  Bazaar: 176 daAuts
  Temple: 171 daAuts
    D:11: 135 daAuts
